 Dungeon Crawl Stone Soup version 0.30-b1-2-g02819fbbbe (webtiles) character file.

Game seed: 12935680571077382547

21257 MisterFreud the Spry (level 12, -4/58 HPs)
             Began as a Felid Berserker on July 27, 2023.
             Was an Elder of Trog.
             Slain by a death yak (10 damage)
             ... on level 3 of the Lair of Beasts.
             The game lasted 00:18:40 (13746 turns).

MisterFreud the Spry (Felid Berserker)             Turns: 13746, Time: 00:18:40

Health: -4/58      AC:  3    Str: 13    XL:     12   Next: 52%
Magic:  13/13      EV: 30    Int:  9    God:    Trog [****..]
Gold:   686        SH:  0    Dex: 20    Spells: 11/11 levels left
                                        Lives:  0   Deaths: 3

rFire   . .          .
                       - Unarmed
rCold   + . .        (shield unavailable)
rNeg    . . .        (body armour unavailable)
rPois   +            (helmet unavailable)
rElec   .            (cloak unavailable)
rCorr   .            (gloves unavailable)
SInv    +            (boots unavailable)
Will    +....        D - amulet of regeneration
Stlth   ++++++       h - ring of poison resistance
HPRegen 1.09/turn    w - +4 ring of slaying
MPRegen 0.13/turn

%: no passive effects
@: on berserk cooldown, slowed, slow
A: very small, claws 1, fangs 3, see invisible, speed 1, shaggy fur 3, stealthy
paws, no weapons or thrown items, no armour, multi-lived
a: Renounce Religion, Berserk, Trog's Hand, Brothers in Arms


You were on level 3 of the Lair of Beasts.
You worshipped Trog.
Trog was greatly pleased with you.
You visited 2 branches of the dungeon, and saw 15 of its levels.

You collected 686 gold pieces.

Inventory:

Jewellery
 h - a ring of poison resistance (left paw)
 p - a ring of resist corrosion
 v - a +4 ring of protection
 w - a +4 ring of slaying (right paw)
 C - a +4 ring of protection
 D - an amulet of regeneration (around neck)
Wands
 d - a wand of polymorph (20)
 k - a wand of mindburst (9)
 n - a wand of flame (54)
 o - a wand of roots (4)
 s - a wand of digging (6)
 u - a wand of paralysis (7)
 x - a wand of acid (11)
Scrolls
 e - 4 scrolls of immolation
 l - 9 scrolls of teleportation
 q - 2 scrolls of fear
 r - 5 scrolls of identify
 y - a scroll of magic mapping
 z - a scroll of poison
 B - a scroll of summoning
 E - 2 scrolls of blinking
 F - a scroll of silence
Potions
 a - 3 potions of heal wounds
 b - 4 potions of mutation
 c - 4 potions of haste
 f - 3 potions of ambrosia
 g - 5 potions of cancellation
 i - a potion of invisibility
 j - 4 potions of attraction
 m - 7 potions of brilliance
 t - 3 potions of flight
 A - 7 potions of curing


   Skills:
 - Level 10.0 Fighting
 - Level 15.0 Dodging
 + Level 14.5 Stealth
 + Level 12.5 Unarmed Combat
 - Level 5.0 Evocations


You had 11 spell levels left.
You didn't know any spells.
Your spell library was empty.

Dungeon Overview and Level Annotations

Branches:
Dungeon (12/15)            Temple (0/1) D:5            Lair (3/5) D:10
 Shoals (0/4) Lair:3       Spider (0/4) Lair:2          Orc (0/2) D:9

Altars:
Ashenzari
Cheibriados
Elyvilon
Fedhas
Kikubaaqudgha
Ru
Sif Muna
Wu Jian

Shops:
D:9 :


Innate Abilities, Weirdness & Mutations

You have sharp claws.
You have razor-sharp teeth.
You have supernaturally acute eyesight. (SInv)
You cover ground quickly. (Speed+)
Your thick and shaggy fur keeps you warm. (AC +3, rC+)
Your paws help you pounce on unaware monsters.
You are incapable of wielding weapons or throwing items.
You cannot wear armour.
You gain extra lives every three experience levels.


Message History

You scratch the death yak. You claw the death yak!
The death yak is severely wounded.
The death yak completely misses you. The death yak gores you!
The death yak barely misses you.
You claw the death yak! x2
You kill the death yak!
Trog accepts your kill.
You mangle the death yak!!
The death yak is moderately wounded.
The black mamba misses you. The death yak completely misses you.
The death yak misses you.
You completely miss the death yak.
The death yak is moderately wounded.
The black mamba completely misses you.
You scratch the death yak but do no damage.
The death yak is moderately wounded.
The black mamba completely misses you.
You claw the death yak! You claw the death yak!!
The death yak is severely wounded.
The death yak misses you. The death yak gores you! The black mamba bites you.
You claw the death yak!
The death yak is severely wounded.
You are no longer berserk.
You are exhausted.
You feel yourself slow down. The black mamba bites you!
* * * LOW HITPOINT WARNING * * *
You are poisoned.
The black mamba poisons you! The death yak closely misses you.
The death yak gores you.
* * * LOW HITPOINT WARNING * * *
You feel better. The black mamba bites you.
The black mamba completely misses you. The death yak barely misses you.
The death yak misses you. The black mamba bites you!
* * * LOW HITPOINT WARNING * * *
As you read the scroll of fear, it crumbles to dust.
You assume a fearsome visage.
The black mamba looks frightened!
The death yak easily resists.
The death yak resists with almost no effort.
The death yak closely misses you. The death yak gores you!
You die...

#....####.##....##..#.##.#
###.#..###..#.............
#.#P..#####.............
#.P.....................
#.......................
#.......................
#........S[.............
#.......................
#...##†@#...............
#..##.YY#...... # #..
#...> ..Y. # #..#......
... . # #...#...... .. ..#
.......##.. . ....
#..#.#.## ... .#.. #. ###.
... #.## ....


You could see 2 death yaks and a black mamba (fleeing).

Vanquished Creatures
  A hydra (Lair:2)
  2 death yaks (Lair:3)
  A two-headed ogre (D:12)
  A wizard (D:10)
  2 cyclopes
  6 elephants
  A torpor snail (Lair:1)
  3 cane toads (Lair:1)
  5 unseen horrors (D:11)
  A kobold demonologist (D:11)
  6 komodo dragons
  2 polar bears
  3 trolls
  18 blink frogs
  2 hornets
  A shadow (D:11)
  2 wyverns
  9 yaks
  A vampire (D:11)
  A steam dragon (D:8)
  A redback (Lair:2)
  7 vampire mosquitoes (D:12)
  2 wargs (D:9)
  Edmund (D:6)
  9 water moccasins
  7 orc warriors
  5 black bears
  An ogre (D:5)
  3 ice beasts
  8 wolves (Lair:1)
  3 centaurs
  3 phantoms
  5 kobold brigands
  19 bullfrogs
  A gnoll sergeant (D:9)
  2 scorpions (D:6)
  11 wights
  15 killer bees
  3 howler monkeys
  A crimson imp (D:10)
  A hound (D:4)
  10 orc priests
  A jelly (D:5)
  2 gnoll boudas
  A sleepcap (D:5)
  4 iguanas
  Natasha (twice) (D:2)
  7 orc wizards
  The ghost of TobyConnect the Sneak, a weakling DsDe (D:3)
  Robin (D:2)
  19 gnolls
  7 adders
  A white imp (D:5)
  3 worms
  A dart slug (D:2)
  36 orcs
  12 bats
  3 endoplasms
  5 giant cockroaches
  15 goblins
  11 hobgoblins
  3 jackals (D:4)
  29 kobolds
  7 quokkas
  2 ball pythons (D:2)
  4 frilled lizards
  7 rats
370 creatures vanquished.

Vanquished Creatures (others)
  52 fungi
  61 plants
113 creatures vanquished.

Grand Total: 483 creatures vanquished

Notes
Turn   | Place    | Note
-------+----------+-------------------------------------------
     0 | D:1      | MisterFreud the Felid Berserker began the quest for the
                  | Orb.
     0 | D:1      | Reached XP level 1. HP: 10/10 MP: 2/2
    56 | D:1      | Reached skill level 1 in Stealth
   140 | D:1      | Reached XP level 2. HP: 14/14 MP: 3/3
   375 | D:1      | Reached XP level 3. HP: 14/17 MP: 4/4
   591 | D:2      | Noticed Robin
   774 | D:2      | Reached ** piety under Trog
   795 | D:2      | Killed Robin
   797 | D:2      | Reached XP level 4. HP: 21/21 MP: 5/5
   940 | D:2      | Noticed Natasha
   950 | D:2      | Killed Natasha
  1266 | D:2      | Noticed Natasha
  1275 | D:2      | Killed Natasha
  1276 | D:2      | Reached XP level 5. HP: 24/24 MP: 6/6
  1378 | D:3      | Reached skill level 5 in Stealth
  1507 | D:3      | Found a runed translucent gate.
  1507 | D:3      | Found a runed translucent gate.
  1507 | D:3      | Found a runed translucent gate.
  1833 | D:3      | Noticed TobyConnect's ghost (weakling DsDe)
  1956 | D:3      | Reached skill level 5 in Unarmed Combat
  1959 | D:3      | Killed TobyConnect's ghost
  1960 | D:3      | Gained mutation: You are covered in thick fur. (AC +2)
                  | [Felid growth]
  1960 | D:3      | Reached XP level 6. HP: 27/28 MP: 7/7
  2153 | D:4      | Reached skill level 5 in Dodging
  2184 | D:4      | Reached skill level 6 in Dodging
  2184 | D:4      | Reached XP level 7. HP: 28/31 MP: 8/8
  2674 | D:4      | Reached *** piety under Trog
  2758 | D:4      | Found a snail-covered altar of Cheibriados.
  2813 | D:5      | Entered Level 5 of the Dungeon
  2958 | D:5      | Reached skill level 7 in Dodging
  3073 | D:5      | Found a staircase to the Ecumenical Temple.
  3318 | D:5      | Reached skill level 8 in Dodging
  3742 | D:5      | Reached skill level 9 in Dodging
  3742 | D:5      | Reached XP level 8. HP: 34/34 MP: 9/9
  4083 | D:6      | Reached skill level 10 in Dodging
  4235 | D:6      | Reached skill level 1 in Evocations
  4439 | D:6      | HP: 1/36 [wight/+3 great sword (16)]
  4439 | D:6      | Mangled by a wight
  4440 | D:6      | Reached XP level 7. HP: -6/30 MP: 8/8
  4660 | D:6      | Reached skill level 5 in Fighting
  4667 | D:6      | Reached XP level 8. HP: 37/37 MP: 9/9
  4781 | D:6      | Noticed Edmund
  4796 | D:6      | Killed Edmund
  4800 | D:6      | Reached skill level 5 in Evocations
  4938 | D:6      | Found an ornate altar of the Wu Jian Council.
  5586 | D:7      | Found a white marble altar of Elyvilon.
  5671 | D:7      | Noticed a cyclops
  5693 | D:7      | Killed a cyclops
  5694 | D:7      | Reached XP level 9. HP: 25/41 MP: 10/10
  6005 | D:7      | Found a sacrificial altar of Ru.
  6275 | D:7      | Identified the +3 flail "Qimifast" {freeze, rF++ SInv}
  6349 | D:7      | Reached skill level 11 in Dodging
  6698 | D:7      | Reached **** piety under Trog
  7602 | D:8      | Found a blossoming altar of Fedhas.
  7732 | D:8      | Found a broken altar of Ashenzari.
  7749 | D:8      | Found an ancient bone altar of Kikubaaqudgha.
  7810 | D:8      | Found a shimmering blue altar of Sif Muna.
  8088 | D:9      | Reached skill level 12 in Dodging
  8088 | D:9      | Reached XP level 10. HP: 45/45 MP: 11/11
  8144 | D:9      | Found a staircase to the Orcish Mines.
  8187 | D:9      | Reached skill level 10 in Stealth
  8609 | D:9      | Found Lofiav's Book Emporium.
  8617 | D:9      | Killed from afar by an orc priest
  8618 | D:9      | Reached XP level 9. HP: -3/41 MP: 10/10
  9120 | D:10     | Entered Level 10 of the Dungeon
  9195 | D:10     | Noticed a troll
  9197 | D:10     | Found a staircase to the Lair.
  9207 | D:10     | Killed a troll
  9219 | D:10     | Slain by a killer bee
  9220 | D:10     | Reached XP level 8. HP: -1/38 MP: 9/9
  9263 | D:10     | Noticed a troll
  9270 | D:10     | Killed a troll
  9271 | D:10     | Reached skill level 10 in Unarmed Combat
  9484 | D:10     | Reached XP level 9. HP: 12/42 MP: 10/10
 10043 | D:10     | Noticed a wizard
 10051 | D:10     | Killed a wizard
 10052 | D:10     | Reached XP level 10. HP: 49/49 MP: 11/11
 10286 | D:11     | Reached ***** piety under Trog
 10440 | D:11     | Reached skill level 10 in Fighting
 10452 | D:11     | Noticed a cyclops
 10459 | D:11     | Killed a cyclops
 10528 | D:11     | HP: 2/76 [komodo dragon (25)]
 11106 | D:12     | Found a broken altar of Ashenzari.
 11106 | D:12     | Noticed a two-headed ogre
 11113 | D:12     | Killed a two-headed ogre
 11114 | D:12     | Reached XP level 11. HP: 54/54 MP: 12/12
 11215 | Lair:1   | Entered Level 1 of the Lair of Beasts
 11396 | Lair:1   | Reached skill level 13 in Dodging
 12540 | Lair:1   | Reached skill level 14 in Dodging
 12883 | Lair:2   | Gained mutation: Your thick and shaggy fur keeps you warm.
                  | (AC +3, rC+) [Felid growth]
 12883 | Lair:2   | Reached XP level 12. HP: 37/58 MP: 13/13
 13065 | Lair:2   | Found a hole to the Spider Nest.
 13265 | Lair:2   | Noticed a six-headed hydra
 13281 | Lair:2   | Killed a six-headed hydra
 13480 | Lair:3   | Found a staircase to the Shoals.
 13649 | Lair:3   | Reached skill level 15 in Dodging
 13721 | Lair:3   | Noticed a death yak
 13724 | Lair:3   | Noticed a death yak
 13725 | Lair:3   | Noticed a death yak
 13727 | Lair:3   | Noticed a death yak
 13732 | Lair:3   | Killed a death yak
 13739 | Lair:3   | Killed a death yak
 13746 | Lair:3   | Slain by a death yak

Illustrated notes

Levels and vault maps discovered:
D:1:      mrwooster_arrival_statue_3, layout_basic, minmay_misc_feat_iff
D:2:      layout_rooms, serial_forest, infiniplex_forest_zigzag_2,
          infiniplex_forest_straight_3, infiniplex_forest_clump_diagonal,
          infiniplex_forest_lined_4_way, uniq_robin, uniq_natasha
D:3:      wander_river, layout_rooms, gammafunk_ghost_nasty_kobolds,
          hangedman_decor_opposing, minmay_pentomino_pile
D:4:      layout_basic, chei_slow_surprise, minmay_manual_mares
D:5:      layout_basic, minmay_temple_entry_antechambers
D:6:      layout_basic, kennysheep_mini, chequers_serial_rivers_small_a,
          uniq_edmund
D:7:      layout_basic, nicolae_ru_sacrificial_ziggurat, elyvilon_altar_5,
          kennysheep_minor_cross
D:8:      layout_rooms, led_sif_pool, mainiacjoe_overflow_alcove_4,
          mainiacjoe_overflow_large_starburst
D:9:      layout_long_grid, david_orc_1_choice, serial_shops, shop
D:10:     layout_basic, due_lair_maze_entry_diamond,
          hangedman_abyss_or_decor_lesser_grid, lightli_wizard_tower
D:11:     layout_layer_cave, gauntlet_entry_generic, hangedman_batty
D:12:     minmay_the_grid_triangle_9x9_recursive_2_mashed
          [minmay_the_grid_triangle_9x9_prize_schism,
          minmay_the_grid_triangle_9x9_checkered,
          minmay_the_grid_triangle_9x9_from_above,
          minmay_the_grid_triangle_9x9_zippers_horizontal], layout_cross,
          cheibrodos_ashenzari_chains
Lair:1:   layout_long_grid
Lair:2:   layout_misc_corridors, spider_nest_entry_rubble, enter_volcano_2
Lair:3:   layout_regular_city, shoals_dummy_entry

Skill      XL: |  1  2  3  4  5  6  7  8  9 10 11 12 |
---------------+-------------------------------------+-----
Stealth        | 1 2 3 4 6 7 9 10 13 14 | 14.5
Unarmed Combat | 4 5 6 10 9 11 12 | 12.5
Dodging        | 6 9 10 12 14 15 | 15.0
Evocations     | 4 5 |  5.0
Fighting       | 5 6 8 10 | 10.0

Action                     |  1- 3 |  4- 6 |  7- 9 | 10-12 || total
---------------------------+-------+-------+-------+-------++-------
  Melee: Unarmed           |    81 |   137 |   551 |   388 ||  1157
         Bite              |     9 |    17 |    66 |    51 ||   143
         Punch             |       |     2 |    24 |    41 ||    67
 Invoke: Berserk           |     2 |     5 |    25 |    15 ||    47
         Trog's Hand       |     1 |     2 |     3 |     2 ||     8
  Evoke: Wand              |       |       |       |     2 ||     2
    Use: Scroll            |     3 |     1 |    14 |     5 ||    23
         Potion            |       |       |     1 |     2 ||     3
   Stab: Sleeping          |     5 |     9 |    14 |    21 ||    49
         Distracted        |       |     1 |     2 |     1 ||     4
 Armour: Skin              |     4 |     5 |    14 |     7 ||    30
  Dodge: Dodged            |    55 |    90 |   538 |   457 ||  1140
